 Dungeon Crawl Stone Soup version 0.31-a0-986-g5e6e4ef867 (webtiles) character file.

Game seed: 8970780156420826204

103 wildpjah the Ruffian (level 4, 0/51 HPs)
             Began as a Gnoll Shapeshifter on Nov 25, 2023.
             Slain by a gnoll
             ... wielding a +0 club
              (5 damage)
             ... on level 3 of the Dungeon.
             The game lasted 00:02:44 (1418 turns).

wildpjah the Ruffian (Gnoll Shapeshifter)           Turns: 1418, Time: 00:02:45

Health: 0/51       AC: 22    Str: 15    XL:     4   Next: 79%
Magic:  5/5        EV:  2    Int: 10    God:
Gold:   75         SH:  0    Dex: 11    Spells: 5/5 levels left

rFire   . . .        q - +2 long sword (heavy)
rCold   . . .        (no shield)
rNeg    . . .        n - melded +0 chain mail
rPois   +            (helmet currently unavailable)
rElec   .            (cloak currently unavailable)
rCorr   .            (gloves currently unavailable)
SInv    .            (boots currently unavailable)
Will    .....        (no amulet)
Stlth   ++           (no ring)
HPRegen 0.28/turn    (no ring)
MPRegen 0.09/turn

%: no passive effects
@: tree-form
A: stationary, stasis, torment immunity, boosted hp, (fangs 1), strong nose,
distributed training
a: no special abilities


You were on level 3 of the Dungeon.
You were a tree.
You visited 1 branch of the dungeon, and saw 3 of its levels.

You collected 75 gold pieces.

Inventory:

Hand Weapons
 q - a +2 heavy long sword (weapon)
Armour
 a - a +0 animal skin
 i - a +0 ring mail
 n - a +0 chain mail (melded)
Talismans
 c - a beast talisman
 d - a flux talisman
 f - a serpent talisman
Scrolls
 e - a scroll of fear {unknown}
 g - a scroll of enchant weapon {unknown}
 h - 4 scrolls of identify {unknown}
 k - a scroll of teleportation {unknown}
 o - a scroll of enchant armour {unknown}
 p - a scroll of silence {unknown}
 s - a scroll of revelation {unknown}
Potions
 b - a potion of lignification
 j - 2 potions of resistance {unknown}
 l - a potion of mutation {unknown}
 m - a potion of attraction {unknown}
 r - a potion of curing {unknown}
 t - a potion of magic {unknown}


   Skills:
 + Level 2.8 Fighting
 + Level 1.2 Short Blades
 + Level 1.2 Long Blades
 + Level 1.2 Axes
 + Level 1.2 Maces & Flails
 + Level 1.2 Polearms
 + Level 1.2 Staves
 + Level 1.2 Ranged Weapons
 + Level 1.2 Throwing
 + Level 1.2 Armour
 + Level 4.7 Dodging
 + Level 1.2 Stealth
 + Level 1.2 Shields
 + Level 6.6 Unarmed Combat
 + Level 1.2 Spellcasting
 + Level 1.0 Conjurations
 + Level 1.0 Hexes
 + Level 1.0 Summonings
 + Level 1.0 Necromancy
 + Level 1.0 Translocations
 + Level 1.0 Transmutations
 + Level 1.0 Fire Magic
 + Level 1.0 Ice Magic
 + Level 1.0 Air Magic
 + Level 1.0 Earth Magic
 + Level 1.0 Poison Magic
 + Level 1.4 Invocations
 + Level 1.2 Evocations
 + Level 6.6 Shapeshifting


You had 5 spell levels left.
You didn't know any spells.
Your spell library contained the following spells:

 Spells                   Type           Power      Damage    Failure   Level
 Borgnjor's Vile Clutch   Necr/Erth      1%         N/A       99%         5
 Eringya's Noxious Bog    Tmut/Pois      1%         4d6       100%        6
 Death's Door             Necr           1%         N/A       100%        9


Dungeon Overview and Level Annotations

Branches:
Dungeon (3/15)

Altars:


Innate Abilities, Weirdness & Mutations

You are a tree.
Your roots penetrate the ground, keeping you stationary.
You cannot be teleported.
You are immune to unholy pain and torment.
Your maximum health is greatly increased.
Your equipment is partially melded.
((You have very sharp teeth.))
Your uncanny sense of smell can sniff out nearby items.
Your experience applies equally to all skills.


Message History

A gnoll comes into view. It is wielding a +0 flail.
The gnoll shouts!
A gnoll comes into view. It is wielding a +0 flail.
You slash the gnoll!
The gnoll is heavily wounded.
A gnoll comes into view. It is wielding a +0 club.
The gnoll hits you with a +0 flail. The gnoll hits you but does no damage.
You barely miss the gnoll.
The gnoll is heavily wounded.
The gnoll closely misses you. The gnoll completely misses you.
You barely miss the gnoll.
The gnoll is heavily wounded.
You barely miss the gnoll.
The gnoll is heavily wounded.
The gnoll hits you with a +0 flail. x2; The gnoll hits you with a +0 flail!
The gnoll hits you with a +0 flail.
You are too injured to fight recklessly!
You are too injured to fight recklessly!
The gnoll attacks as it pursues you! The gnoll hits you with a +0 flail.
You slice the gnoll!!
You kill the gnoll!
The gnoll hits you with a +0 flail.
* * * LOW HITPOINT WARNING * * *
You barely miss the gnoll. The gnoll closely misses you. x2
You closely miss the gnoll. The gnoll hits you with a +0 flail!
* * * LOW HITPOINT WARNING * * *
The gnoll closely misses you.
You slash the gnoll!
You kill the gnoll!
The gnoll hits you but does no damage.
You barely miss the gnoll. The gnoll barely misses you.
The gnoll hits you with a +0 club.
* * * LOW HITPOINT WARNING * * *
Your transformation has ended.
You turn into a tree.
Your +0 chain mail melds into your body.
Your roots penetrate the ground.
The gnoll barely misses you.
Okay, then.
You barely miss the gnoll. The gnoll hits you with a +0 club.
You die...

..........# .
##.######.# ##
.. #.#
#.#######.#.##
#.#
##.##.........#
#.#
#)........#.#
##.#
#.#######.#
...# #. #.#
#### #. #)# #.
#♣# #. #g# #.
#g..# #. #.###
..# ... ##.#
#.# #.#


You could see 2 gnolls.

Vanquished Creatures
  3 adders (D:2)
  2 gnolls (D:3)
  A worm (D:2)
  2 orcs
  3 ball pythons
  3 endoplasms (D:1)
  3 giant cockroaches (D:1)
  8 goblins
  5 hobgoblins
  3 jackals (D:1)
  4 quokkas
  2 bats
  2 frilled lizards
  5 kobolds
  2 rats (D:1)
48 creatures vanquished.

Notes
Turn   | Place    | Note
-------+----------+-------------------------------------------
     0 | D:1      | wildpjah the Gnoll Shapeshifter began the quest for the
                  | Orb.
     0 | D:1      | Reached XP level 1. HP: 17/17 MP: 1/1
    55 | D:1      | Reached XP level 2. HP: 23/23 MP: 2/2
   183 | D:1      | Reached XP level 3. HP: 28/28 MP: 3/3
   186 | D:1      | Got Sif Muna's Anthology of Maleficent Rituals and
                  | Putrescence
   465 | D:1      | Reached skill level 1 in Invocations
   652 | D:2      | Reached skill level 1 in Short Blades
   652 | D:2      | Reached skill level 1 in Long Blades
   652 | D:2      | Reached skill level 1 in Axes
   652 | D:2      | Reached skill level 1 in Maces & Flails
   652 | D:2      | Reached skill level 1 in Polearms
   652 | D:2      | Reached skill level 1 in Staves
   652 | D:2      | Reached skill level 1 in Ranged Weapons
   652 | D:2      | Reached skill level 1 in Throwing
   652 | D:2      | Reached skill level 1 in Armour
   652 | D:2      | Reached skill level 1 in Stealth
   652 | D:2      | Reached skill level 1 in Shields
   652 | D:2      | Reached skill level 1 in Spellcasting
   652 | D:2      | Reached skill level 1 in Evocations
   683 | D:2      | Reached XP level 4. HP: 34/34 MP: 5/5
  1275 | D:3      | Found a faded altar of an unknown god.
  1404 | D:3      | Reached skill level 1 in Conjurations
  1404 | D:3      | Reached skill level 1 in Hexes
  1404 | D:3      | Reached skill level 1 in Summonings
  1404 | D:3      | Reached skill level 1 in Necromancy
  1404 | D:3      | Reached skill level 1 in Translocations
  1404 | D:3      | Reached skill level 1 in Transmutations
  1404 | D:3      | Reached skill level 1 in Fire Magic
  1404 | D:3      | Reached skill level 1 in Ice Magic
  1404 | D:3      | Reached skill level 1 in Air Magic
  1404 | D:3      | Reached skill level 1 in Earth Magic
  1404 | D:3      | Reached skill level 1 in Poison Magic
  1418 | D:3      | Slain by a gnoll

Illustrated notes

Levels and vault maps discovered:
D:1:      dpeg_arrival_fog, layout_basic, nrook_loot_triangle, minivault_19,
          minmay_pentomino_x2
D:2:      layout_basic
D:3:      layout_loops_ring, dreamdust_ecumenical_altar_statues, uniq_terence,
          uniq_pargi

Skill      XL: |  1  2  3  4 |
---------------+-------------+-----
Invocations    | 1 |  1.4
Short Blades   | 1 |  1.2
Long Blades    | 1 |  1.2
Axes           | 1 |  1.2
Maces & Flails | 1 |  1.2
Polearms       | 1 |  1.2
Staves         | 1 |  1.2
Ranged Weapons | 1 |  1.2
Throwing       | 1 |  1.2
Armour         | 1 |  1.2
Stealth        | 1 |  1.2
Shields        | 1 |  1.2
Spellcasting   | 1 |  1.2
Evocations     | 1 |  1.2
Conjurations   | 1 |  1.0
Hexes          | 1 |  1.0
Summonings     | 1 |  1.0
Necromancy     | 1 |  1.0
Translocations | 1 |  1.0
Transmutations | 1 |  1.0
Fire Magic     | 1 |  1.0
Ice Magic      | 1 |  1.0
Air Magic      | 1 |  1.0
Earth Magic    | 1 |  1.0
Poison Magic   | 1 |  1.0
Fighting       | |  2.8
Dodging        | |  4.7
Unarmed Combat | |  6.6
Shapeshifting  | |  6.6

Action                     |  1- 3 |  4- 6 || total
---------------------------+-------+-------++-------
  Melee: Unarmed           |    57 |    13 ||    70
         Bite              |     5 |     1 ||     6
         Punch             |     3 |     2 ||     5
         Long sword        |       |    15 ||    15
    Use: Potion            |       |     1 ||     1
   Stab: Sleeping          |     1 |       ||     1
 Armour: Animal skin       |    10 |       ||    10
         Ring mail         |    15 |     1 ||    16
         Chain mail        |       |    19 ||    19
         Skin              |       |     1 ||     1
  Dodge: Dodged            |    43 |    12 ||    55

Table legend: (Time is in decaauts)
 A = Elapsed time spent in this place.
 B = Non-inter-level travel time spent in this place.
 C = Inter-level travel time spent in this place.
 D = Time resting spent in this place.
 E = Time spent auto-exploring this place.
 F = Levels seen in this place.
 G = Mean time per level.
                   A        B        C        D        E       F      G
               +--------+--------+--------+--------+--------+-----+--------+
         Total |   1423 |   1356 |     67 |      0 |   1074 |   3 |  474.3 |
       Dungeon |   1423 |   1356 |     67 |      0 |   1074 |   3 |  474.3 |
               +--------+--------+--------+--------+--------+-----+--------+

Top non-repeatable levels by time:
     D:1: 623 daAuts
     D:2: 557 daAuts
     D:3: 242 daAuts
